 Dungeon Crawl Stone Soup version 0.29.0-4-gdea44cf6ec (webtiles) character file.

Game seed: 2485115833965719010

243 qw the Chopper (level 6, -3/35 HPs)
             Began as a Tengu Warper on Aug 28, 2022.
             Slain by a lemure (6 damage)
             ... led by Pikel
             ... on level 5 of the Dungeon.
             The game lasted 00:00:16 (2487 turns).

qw the Chopper (Tengu Warper)                       Turns: 2487, Time: 00:00:16

Health: -3/35      AC: 14    Str: 14    XL:     6   Next: 9%
Magic:  10/10      EV:  5    Int: 13    God:
Gold:   127        SH:  9    Dex: 19    Spells: 9/9 levels left

rFire   . . .      SeeInvis .   Y - +1 hand axe (freeze)
rCold   . . .      Faith    .   h - +0 buckler
rNeg    . . .      Spirit   .   n - +0 plate armour
rPois   .          Reflect  +   (helmet restricted)
rElec   .          Harm     .   (no cloak)
rCorr   .          Rampage  .   (no gloves)
Will    .....                   (boots unavailable)
Stlth   ..........              a - amulet of reflection
HPRegen 0.11/turn               e - +6 ring of dexterity
MPRegen 0.12/turn               j - +4 ring of protection

@: flying quickly and evasively, quick
A: beak, talons 3, nimble flight
a: no special abilities


You were on level 5 of the Dungeon.
You visited 1 branch of the dungeon, and saw 5 of its levels.

You collected 127 gold pieces.


Innate Abilities, Weirdness & Mutations

You have a beak for a mouth.
You have claws for feet.
Your magical nature lets you fly swiftly and evasively.


   Skills:
 - Level 2.0 Fighting
 - Level 6.6 Axes
 - Level 1.0 Throwing
 + Level 1.1 Armour
 - Level 2.1 Dodging
 - Level 1.2 Shields
 - Level 2.0 Spellcasting
 - Level 2.4 Translocations


You had 9 spell levels left.
You didn't know any spells.
Your spell library contained the following spells:

 Spells                   Type           Power      Damage    Failure   Level
 Blink                    Tloc           14%        N/A       100%        2
 Gell's Gravitas          Tloc           7%         N/A       100%        3
 Lesser Beckoning         Tloc           7%         N/A       100%        3
 Teleport Other           Tloc           7%         N/A       100%        3
 Manifold Assault         Tloc           7%         N/A       100%        5

Inventory:

Hand Weapons
 l - a +0 whip
 Y - a +1 hand axe of freezing (weapon)
Armour
 h - a +0 buckler (worn)
 n - a +0 plate armour (worn)
Jewellery
 a - an amulet of reflection (around neck)
 e - a +6 ring of dexterity (left hand)
 j - a +4 ring of protection (right hand)
Potions
 b - a potion of attraction {unknown}
 g - a potion of heal wounds {unknown}
 i - a potion of might
 k - a potion of lignification {unknown}

Dungeon Overview and Level Annotations

Branches:
Dungeon (6/15)
 Temple: D:4-7

Altars:

Annotations:
D:5 Pikel


Message History

The lemure hits you but does no damage. The lemure completely misses you.
Pikel hits you but does no damage.
You hit Pikel. You freeze Pikel. Your kick misses Pikel.
Pikel is lightly wounded.
You hit the lemure but do no damage. You barely miss the lemure.
A jelly comes into view.
The lemure hits you but does no damage. x2; Pikel hits you but does no damage.
You hit Pikel. You freeze Pikel.
Pikel is moderately wounded.
You closely miss the lemure. x2; You hit the lemure.
You freeze the lemure. You hit the lemure but do no damage.
The lemure hits you. The lemure hits you but does no damage.
The lemure hits you! The lemure hits you but does no damage.
You block Pikel's attack.
You hit Pikel. You freeze Pikel. Your peck misses Pikel.
Pikel is heavily wounded.
You closely miss the lemure. You hit the lemure. You freeze the lemure.
You closely miss the lemure. You hit the lemure. You freeze the lemure.
The lemure hits you but does no damage. x2; You block the lemure's attack.
The lemure hits you but does no damage. You block Pikel's attack.
You hit Pikel. You freeze Pikel. Your kick misses Pikel.
Pikel is heavily wounded.
You hit the lemure but do no damage. You hit the lemure. You freeze the lemure.
You hit the lemure. You freeze the lemure. You hit the lemure but do no damage.
The lemure completely misses you. The lemure hits you but does no damage.
The lemure closely misses you. The lemure hits you but does no damage.
Pikel hits you with a +2 whip of flaming!
Pikel burns you.
You hit Pikel but do no damage.
Pikel is heavily wounded.
You barely miss the lemure. You hit the lemure but do no damage. x2
You barely miss the lemure. You block the lemure's attack.
The lemure hits you but does no damage. You block the lemure's attack.
You block Pikel's attack. The lemure hits you.
You hit Pikel but do no damage.
Pikel is heavily wounded.
You hit the lemure. You freeze the lemure. You completely miss the lemure.
You hit the lemure but do no damage. You hit the lemure. You freeze the lemure.
The lemure hits you. x2
You die...

#.....### .....
......... .....
#.......##.....
...>...........
...............
.......l.J.....
..)...55K......
......)@5#
....##5### .
... #... #...
...# #... ##..


You could see Pikel, 4 lemures, an iguana and a jelly.

Vanquished Creatures
  A water moccasin (D:6)
  Terence (D:3)
  5 adders
  A dart slug (D:3)
  2 orcs (D:3)
  6 bats
  7 endoplasms
  3 giant cockroaches
  A hobgoblin (D:2)
  7 jackals (D:2)
  2 quokkas (D:1)
  7 ball pythons
  3 frilled lizards
  5 goblins
  7 kobolds
  3 rats
61 creatures vanquished.

Notes
Turn   | Place    | Note
-------+----------+-------------------------------------------
     0 | D:1      | qw the Tengu Warper began the quest for the Orb.
     0 | D:1      | Reached XP level 1. HP: 12/12 MP: 4/4
     0 | D:1      | 0 ||| qw: Version: 0.1-a-89-g26bdef1
     0 | D:1      | 0 ||| qw: Game counter: 348
     0 | D:1      | 0 ||| qw: Always use a shield: true
     0 | D:1      | 0 ||| qw: God list: Okawaru
     0 | D:1      | 0 ||| qw: Allow faded altars: false
     0 | D:1      | 0 ||| qw: Do Orc after D:15 true
     0 | D:1      | 0 ||| qw: Do second Lair branch before Depths: true
     0 | D:1      | 0 ||| qw: Lair rune preference: random
     0 | D:1      | 0 ||| qw: Plans: Normal
     0 | D:1      | 0 ||| PLANNING D:1-11
   295 | D:1      | Reached skill level 3 in Axes
   295 | D:1      | Reached XP level 2. HP: 17/17 MP: 6/6
   689 | D:1      | Reached XP level 3. HP: 21/21 MP: 7/7
   803 | D:1      | Found a faded altar of an unknown god.
   926 | D:1      | 926 ||| DROPPING +0 club.
   931 | D:1      | 931 ||| UPGRADING to +0 ring mail.
   941 | D:1      | 941 ||| DROPPING +0 leather armour.
   942 | D:1      | 942 ||| UPGRADING to +0 buckler.
   947 | D:1      | 947 ||| UPGRADING to +6 ring of dexterity.
   948 | D:1      | 948 ||| READING scroll labelled CUSION KABAHYH.
   949 | D:1      | 949 ||| DRINKING 2 silvery potions.
   950 | D:1      | 950 ||| DROPPING scroll of blinking.
  1062 | D:2      | Reached skill level 1 in Shields
  1154 | D:2      | Reached skill level 4 in Axes
  1414 | D:2      | Reached XP level 4. HP: 26/26 MP: 8/8
  1575 | D:2      | 1575 ||| Stepping ~*~*~tactically~*~*~ (stealth).
  1795 | D:2      | 1795 ||| Stepping ~*~*~tactically~*~*~ (stealth).
  2018 | D:2      | 2018 ||| UPGRADING to amulet of reflection.
  2023 | D:2      | 2023 ||| UPGRADING to +4 ring of protection.
  2024 | D:2      | 2024 ||| READING scroll labelled KUUJO HYPAO.
  2025 | D:2      | 2025 ||| READING scroll labelled MULIOC DISM.
  2028 | D:2      | 2028 ||| READING scroll labelled SEMIUQ ZUUSH.
  2029 | D:2      | 2029 ||| READING scroll labelled LUILOV BIL CUD.
  2030 | D:2      | 2030 ||| READING scroll labelled MEWNAPHITOLL.
  2149 | D:3      | Noticed Terence
  2160 | D:3      | Killed Terence
  2161 | D:3      | Reached skill level 5 in Axes
  2161 | D:3      | Gained mutation: Your magical nature lets you fly swiftly
                  | and evasively. [Tengu growth]
  2161 | D:3      | Reached XP level 5. HP: 29/30 MP: 9/9
  2293 | D:3      | 2293 ||| SWAPPING to +0 hand axe of freezing.
  2294 | D:3      | 2294 ||| DROPPING +0 hand axe of chaos.
  2416 | D:3      | You are sucked into a shaft and drop 3 floors!
  2426 | D:6      | Noticed a water moccasin
  2443 | D:6      | Killed a water moccasin
  2444 | D:6      | Reached skill level 6 in Axes
  2444 | D:6      | Reached XP level 6. HP: 35/35 MP: 10/10
  2448 | D:6      | 2448 ||| UPGRADING to +0 chain mail.
  2458 | D:6      | 2458 ||| DROPPING +0 ring mail.
  2459 | D:6      | 2459 ||| UPGRADING to +0 plate armour.
  2469 | D:6      | 2469 ||| DROPPING +0 chain mail.
  2470 | D:6      | 2470 ||| READING scroll labelled TUVUIXKIAQ.
  2479 | D:5      | Entered Level 5 of the Dungeon
  2479 | D:5      | Noticed Pikel
  2479 | D:5      | Found the +9 staff of Olgreb {rPois∞}
  2486 | D:5      | HP: 8/35 [lemure[Pikel] (5)]
  2487 | D:5      | HP: 3/35 [lemure[Pikel] (5)]
  2487 | D:5      | Slain by a lemure

Levels and vault maps discovered:
D:1:      minmay_arrival_wavy_path, layout_loops_ring,
          hellmonk_ecumenical_altar_leap_of_faith, minmay_shallow_snake_nest
D:2:      layout_basic, chequers_serial_rivers_micro_b
D:3:      layout_basic, uniq_terence
D:5:      layout_cave_pools, patterned_corridor, uniq_pikel, uniq_sigmund
D:6:      layout_basic, kennysheep_pointless_box

Skill      XL: |  1  2  3  4  5 |
---------------+----------------+-----
Axes           | 3 4 5 6 |  6.6
Shields        | 1 |  1.2
Fighting       | |  2.0
Throwing       | |  1.0
Armour         | |  1.1
Dodging        | |  2.1
Spellcasting   | |  2.0
Translocations | |  2.4

Action                   |  1- 3 |  4- 6 || total
-------------------------+-------+-------++-------
Melee: Hand axe          |    63 |    76 ||   139
       Kick              |    19 |    15 ||    34
       Peck              |     7 |    11 ||    18
       Punch             |     1 |       ||     1
Throw: Boomerang         |     7 |       ||     7
  Use: Scroll            |     1 |     6 ||     7
       Potion            |     1 |       ||     1
Armor: Leather armour    |    13 |       ||    13
       Ring mail         |     5 |    16 ||    21
       Plate armour      |       |    14 ||    14
Dodge: Dodged            |    27 |    34 ||    61
Block: Buckler           |     3 |    20 ||    23

Table legend:
 A = Non-vault XP
 B = Vault XP
 C = Vault XP percentage of total XP
 D = Non-vault monster count
 E = Vault monster count
 F = Vault count percentage of total count
                 A         B        C        D         E       F
            +---------+---------+-------+---------+---------+-------
      Total |     311 |      37 |  10.6 |      59 |       2 |   3.3
            +---------+---------+-------+---------+---------+-------
        D:1 |      37 |       1 |   2.6 |      22 |       1 |   4.3
        D:2 |      75 |       0 |   0.0 |      24 |       0 |   0.0
        D:3 |      35 |      36 |  50.7 |      11 |       1 |   8.3
        D:6 |     164 |       0 |   0.0 |       2 |       0 |   0.0
            +---------+---------+-------+---------+---------+-------
